 Dungeon Crawl Stone Soup version 0.27-a0-223-ge082b6e869 (webtiles) character file.

Game seed: 11241795202787919060

195 jasper the Ruffian (level 5, -1/28 HPs)
             Began as a Vine Stalker Fighter on Feb 1, 2021.
             Slain by a killer bee (4 damage)
             ... on level 3 of the Dungeon.
             The game lasted 00:03:41 (2193 turns).

jasper the Ruffian (Vine Stalker Fighter)           Turns: 2193, Time: 00:03:42

Health: -1/28      AC:  7    Str: 19    XL:     5   Next: 74%
Magic:  0/6        EV:  7    Int:  9    God:
Gold:   66         SH:  9    Dex: 13    Spells: 4/4 levels left

rFire    . . .     SeeInvis .     - Unarmed
rCold    . . .     Faith    .   b - +0 kite shield
rNeg     . . .     Spirit   +   a - +0 scale mail
rPois    .         Reflect  .   (no helmet)
rElec    .         Harm     .   (no cloak)
rCorr    .         Rampage  .   o - +0 pair of gloves {archery}
Will     .....                  (no boots)
Stlth    ..........             (no amulet)
HPRegen  0.49/turn              (no ring)
MPRegen  0.10/turn              (no ring)

@: lethally poisoned (-1 -> -13)
A: fangs 2, regeneration 1, magic shield, antimagic bite, no potion heal 3
a: no special abilities


You were on level 3 of the Dungeon.
You visited 1 branch of the dungeon, and saw 4 of its levels.

You collected 66 gold pieces.

Inventory:

Missiles
 e - 13 poisoned darts (quivered)
 f - 101 stones
Armour
 a - a +0 scale mail (worn)
 b - a +0 kite shield (worn)
 o - a +0 pair of gloves of archery (worn)
Wands
 c - a wand of polymorph (2)
Scrolls
 g - 6 scrolls of identify {unknown}
 h - 2 scrolls of fog {unknown}
 l - a scroll of teleportation {unknown}
 m - a scroll of noise {unknown}
 n - 3 scrolls of immolation {unknown}
Potions
 d - 4 potions of curing {unknown}
 i - a potion of resistance {unknown}
 j - 2 potions of lignification {unknown}
 k - a potion of flight {unknown}


   Skills:
 + Level 3.6 Fighting
 - Level 2.4 Armour
 + Level 3.6 Shields
 * Level 4.3 Unarmed Combat


You had 4 spell levels left.
You didn't know any spells.
Your spell library was empty.

Dungeon Overview and Level Annotations

Branches:
Dungeon (4/15)
 Temple: D:4-7

Altars:
Nemelex Xobeh
The Shining One

Annotations:
D:2 Natasha


Innate Abilities, Weirdness & Mutations

You have extremely sharp teeth.
Your natural rate of healing is unusually fast.
When hurt, damage is shared between your health and your magic reserves.
Your bite disrupts and absorbs the magic of your enemies.
Potions cannot restore your health.


Message History

You feel sick.
The killer bee stings you but does no damage.
The killer bee stings you.
You are more poisoned.
The killer bee poisons you!
You take 3 damage, and have 12/28 hp.
You now have 3/6 mp.
You barely miss the killer bee. Your bite misses the killer bee.
The killer bee is severely wounded.
You feel sick. The killer bee barely misses you. The killer bee stings you.
* * * LOW HITPOINT WARNING * * *
You are more poisoned.
The killer bee poisons you!
You take 5 damage, and have 7/28 hp.
You now have 1/6 mp.
You hit the killer bee. Your bite misses the killer bee.
The killer bee is almost dead.
* * * LOW HITPOINT WARNING * * *
You feel sick. The killer bee stings you.
* * * LOW HITPOINT WARNING * * *
The killer bee stings you.
You die...

############ #..@.......#
#..y.......# ########
#..........# #......#
#..........# #......#
#..........# ####......#
#..........#
..........####..........#
##........##.)..........#
......#....).#..........#


You could see a killer bee.

Vanquished Creatures
  Jessica (D:3)
  Natasha (D:2)
  An orc wizard (D:3)
  3 adders
  2 worms (D:3)
  4 dart slugs
  2 leopard geckos
  8 orcs (D:3)
  3 giant cockroaches
  3 goblins
  6 hobgoblins
  9 jackals
  9 kobolds
  A quokka (D:1)
  A ball python (D:3)
  10 bats
  2 frilled lizards
  4 rats
70 creatures vanquished.

Notes
Turn   | Place    | Note
-------+----------+-------------------------------------------
     0 | D:1      | jasper the Vine Stalker Fighter began the quest for the
                  | Orb.
     0 | D:1      | Reached XP level 1. HP: 11/11 MP: 2/2
    77 | D:1      | Reached XP level 2. HP: 16/16 MP: 3/3
   325 | D:1      | Reached XP level 3. HP: 17/19 MP: 2/4
   747 | D:2      | Noticed Natasha
   767 | D:1      | Reached skill level 3 in Unarmed Combat
  1449 | D:2      | Gained mutation: Your natural rate of healing is unusually
                  | fast. [Vine Stalker growth]
  1449 | D:2      | Reached XP level 4. HP: 7/24 MP: 2/5
  1554 | D:2      | Killed Natasha
  1563 | D:2      | Noticed Natasha
  1731 | D:3      | Reached XP level 5. HP: 27/28 MP: 6/6
  1735 | D:3      | Noticed Jessica
  1741 | D:3      | Killed Jessica
  1742 | D:3      | Reached skill level 4 in Unarmed Combat
  1964 | D:3      | Found a faded altar of an unknown god.
  1971 | D:3      | Found a glowing golden altar of the Shining One.
  2062 | D:3      | Found a sparkling altar of Nemelex Xobeh.
  2193 | D:3      | Slain by a killer bee

Illustrated notes

Levels and vault maps discovered:
D:1:      lemuel_arrival_behind_the_door_large, layout_rooms,
          minmay_strange_pillars
D:2:      layout_rooms, uniq_natasha
D:3:      layout_rooms, nemelex_xobeh_ov_fountains_minmay, old_standard_altar,
          chequers_ecumenical_altar_twisty, uniq_jessica
D:4:      layout_loops_cross, minmay_temple_entry_poolview

Skill      XL: |  1  2  3  4  5 |
---------------+----------------+-----
Shields        | 3 |  3.6
Fighting       | 3 |  3.6
Unarmed Combat | 3 4 |  4.3
Armour         | |  2.4

Action                   |  1- 3 |  4- 6 || total
-------------------------+-------+-------++-------
Melee: Unarmed           |   123 |   100 ||   223
       Bite              |    33 |    33 ||    66
Throw: Dart              |     3 |    14 ||    17
  Use: Potion            |     1 |       ||     1
Armor: Scale mail        |    80 |    42 ||   122
Dodge: Dodged            |    58 |    40 ||    98
Block: Kite shield       |    86 |    52 ||   138

Table legend: (Time is in decaauts)
 A = Elapsed time spent in this place.
 B = Non-inter-level travel time spent in this place.
 C = Inter-level travel time spent in this place.
 D = Time resting spent in this place.
 E = Time spent auto-exploring this place.
 F = Levels seen in this place.
 G = Mean time per level.
                   A        B        C        D        E       F      G
               +--------+--------+--------+--------+--------+-----+--------+
         Total |   2245 |   2173 |     72 |    600 |   1027 |   4 |  561.2 |
       Dungeon |   2245 |   2173 |     72 |    600 |   1027 |   4 |  561.2 |
               +--------+--------+--------+--------+--------+-----+--------+

Top non-repeatable levels by time:
     D:1: 1449 daAuts
     D:3: 550 daAuts
     D:2: 240 daAuts
     D:4: 4 daAuts
